 Dungeon Crawl Stone Soup version 0.31-a0-237-g2d982f9f85 (webtiles) character file.

Game seed: 17698828384875544174

506 LeprechaunX the Insei (level 7, -1/67 HPs)
             Began as an Octopode Transmuter on July 11, 2023.
             Was a Follower of Uskayaw.
             Slain by a worm (7 damage)
             ... on level 4 of the Dungeon.
             The game lasted 00:17:09 (3270 turns).

LeprechaunX the Insei (Octopode Transmuter)         Turns: 3270, Time: 00:17:09

Health: -1/67      AC: 23    Str: 11    XL:     7   Next: 18%
Magic:  10/11      EV:  2    Int: 15    God:    Uskayaw [*.....]
Gold:   122        SH:  0    Dex: 13    Spells: 9/12 levels left

rFire   . .          .
                       - Unarmed
rCold   . . .        (no shield)
rNeg    . . .        (helmet currently unavailable)
rPois   +            (no amulet)
rElec   .            t - ring of willpower
rCorr   .            v - ring of see invisible
SInv    +            (no ring)
Will    +....        (no ring)
Stlth   +            (no ring)
HPRegen 0.31/turn    (no ring)
MPRegen 0.12/turn    (no ring)
                     (no ring)

%: no passive effects
@: tree-form
A: stationary, stasis, torment immunity, boosted hp, almost no armour,
(amphibious), 8 rings, (camouflage 1), (gelatinous body 1), (nimble swimmer 1),
(tentacles)
a: Renounce Religion, Stomp


You were on level 4 of the Dungeon.
You worshipped Uskayaw.
Uskayaw was noncommittal.
You were a tree.
You visited 1 branch of the dungeon, and saw 4 of its levels.
You visited the Abyss 1 time.
You also visited: Sewer.

You collected 122 gold pieces.

Inventory:

Hand Weapons
 b - a +0 sling
 o - a +0 shortbow
Missiles
 i - 11 stones (quivered)
Magical Staves
 l - a staff of air
 m - a staff of earth
Jewellery
 t - a ring of willpower (left branch)
 v - a ring of see invisible (right branch)
Scrolls
 c - 3 scrolls of teleportation {unknown}
 g - 2 scrolls of blinking {unknown}
 h - 4 scrolls of identify {unknown}
 j - a scroll of torment {unknown}
 n - a scroll of vulnerability {unknown}
 r - a scroll of fog {unknown}
 u - a scroll of silence {unknown}
Potions
 a - a potion of lignification
 d - a potion of ambrosia {unknown}
 e - 2 potions of curing {unknown}
 f - a potion of degeneration {unknown}
 k - a potion of heal wounds {unknown}
 p - 2 potions of mutation {unknown}
 q - 2 potions of might {unknown}
 s - 2 potions of magic {unknown}
 w - 3 potions of berserk rage {unknown}


   Skills:
 + Level 2.6 Fighting
 + Level 1.9 Ranged Weapons
 + Level 3.1 Dodging
 * Level 4.8 Unarmed Combat
 + Level 3.0 Spellcasting
 * Level 4.2 Transmutations


You had 9 spell levels left.
You knew the following spells:

 Your Spells              Type           Power      Damage    Failure   Level
a - Beastly Appendage     Tmut           28%        N/A       3%          1
b - Wereblood             Tmut           14%        N/A       5%          2

Your spell library contained the following spells:

 Spells                   Type           Power      Damage    Failure   Level
 Spider Form              Tmut/Pois      8%         N/A       26%         3
 Ice Form                 Ice/Tmut       8%         N/A       63%         4


Dungeon Overview and Level Annotations

Branches:
Dungeon (4/15)              Sewer (visited)
 Temple: D:4-7

Altars:
Gozag
Uskayaw


Innate Abilities, Weirdness & Mutations

You are a tree.
Your roots penetrate the ground, keeping you stationary.
You cannot be teleported.
You are immune to unholy pain and torment.
Your maximum health is greatly increased.
You cannot wear most types of armour.
((You are amphibious.))
You can wear up to eight rings at the same time.
((Your skin changes colour to match your surroundings (Stealth+).))
((Your rubbery body absorbs attacks. (AC +1, EV +1)))
((You are camouflaged when in or above water. (Stealth+)))
((You have tentacles for arms and can constrict up to eight enemies at once.))


Message History

A raiju comes into view.
A tentacled starspawn comes into view.
There is a gateway leading deeper into the Abyss here.
The raiju bites you! The raiju shocks you! The tentacled starspawn misses you.
The tentacled starspawn tentacle-slaps you.
You plunge deeper into the Abyss.
You start resting.
A large abomination assembles itself!
You start resting.
A large abomination comes into view.
You have 8 tentacles available for constriction.
Your movement speed is average.
Your attack delay is about 0.9.
Your damage rating with unarmed combat is about 7 (Base [3 + 4 (UC)] x 102% (Str) x 104% (Fight)).
Char dumped successfully.
Found a gateway leading out of the Abyss.
There is a gateway leading out of the Abyss here.
You pass through the gate.
Welcome back to the Dungeon!
The gnoll hits you with a +0 flail.
Casting: Wereblood (safe; 5% risk of failure)
Confirm with . or Enter, or press ? or * to list all spells.
One of your tentacles grows a vicious spike.
The gnoll hits you with a +0 flail.
You barely miss the gnoll. You grab the gnoll.
You pierce the gnoll.
You squeeze the gnoll, but do no damage.
The gnoll is moderately wounded.
You constrict the gnoll. The worm bites you!
The gnoll hits you with a +0 flail!
You tentacle-slap the gnoll but do no damage.
You pierce the gnoll.
The gnoll is heavily wounded.
You constrict the gnoll. The gnoll hits you with a +0 flail!
* * * LOW HITPOINT WARNING * * *
Unknown command.
Really quaff the potion of lignification?
Okay, then.
Really quaff the potion of lignification?
Your tentacle spike disappears.
You turn into a tree.
Your roots penetrate the ground.
You lose your grip on the gnoll.
The worm bites you!
You die...

#.######.#######.....###
#.##.....................
#.##.###.#####.#.....####
#.##.# #.# ##...#...##
#.##.###.# #.....####
#........####...##
###........###.##
#..#####.# #g# #..# #♣#
#..#### #w# #.....# ...
#.###.# ..... #..##.#
...$...
##...#.##....g...=
#.................+
##...#.##.........#
#.[....# ....


You could see a worm and 2 gnolls.

Vanquished Creatures
  A crimson imp (Abyss:1)
  4 jellies (Sewer)
  A hound (D:4)
  An orc priest (D:2)
  An orc wizard (D:2)
  Natasha (thrice) (D:3)
  7 adders
  A gnoll (D:4)
  An ufetubus (D:4)
  4 worms
  4 dart slugs
  3 orcs
  6 bats
  15 endoplasms
  6 giant cockroaches
  2 goblins
  4 hobgoblins (D:3)
  2 jackals (D:3)
  7 kobolds
  5 quokkas
  6 ball pythons
  9 frilled lizards
  8 rats
101 creatures vanquished.

Notes
Turn   | Place    | Note
-------+----------+-------------------------------------------
     0 | D:1      | LeprechaunX the Octopode Transmuter began the quest for the
                  | Orb.
     0 | D:1      | Reached XP level 1. HP: 13/13 MP: 3/3
   199 | D:1      | Reached XP level 2. HP: 18/18 MP: 5/5
   605 | D:1      | Reached XP level 3. HP: 23/23 MP: 4/6
  1168 | D:2      | Reached XP level 4. HP: 12/29 MP: 5/7
  1343 | D:2      | Reached XP level 5. HP: 25/34 MP: 6/8
  1654 | D:3      | Found a hide-covered altar of Uskayaw.
  1655 | D:3      | Found a glowing drain.
  1657 | D:3      | Found an opulent altar of Gozag.
  1665 | D:3      | Reached skill level 1 in Ranged Weapons
  1677 | D:3      | Became a worshipper of Uskayaw the Reveller
  1712 | D:3      | Reached * piety under Uskayaw
  1774 | Sewer    | Entered a sewer
  1850 | Sewer    | Reached ** piety under Uskayaw
  1860 | Sewer    | Reached *** piety under Uskayaw
  1993 | Sewer    | Found a viscous altar of Jiyva.
  2005 | Sewer    | Reached XP level 6. HP: 20/39 MP: 8/10
  2292 | D:3      | Noticed Natasha
  2298 | D:3      | Learned a level 2 spell: Wereblood
  2307 | D:3      | Killed Natasha
  2449 | D:3      | Noticed Natasha
  2456 | D:3      | Killed Natasha
  2543 | D:3      | Noticed Natasha
  2551 | D:3      | Killed Natasha
  2829 | D:4      | Reached XP level 7. HP: 40/45 MP: 11/11
  3034 | Abyss:1  | Cast into level 1 of the Abyss (gnoll)
  3092 | Abyss:1  | Noticed a vampire mage
  3126 | Abyss:1  | Noticed a raiju
  3136 | Abyss:1  | Noticed a chaos spawn
  3136 | Abyss:1  | Noticed a small abomination
  3146 | Abyss:1  | Noticed a raiju
  3147 | Abyss:1  | Noticed a raiju
  3149 | Abyss:1  | Noticed a raiju
  3150 | Abyss:1  | Noticed a raiju
  3150 | Abyss:1  | Noticed a tentacled starspawn
  3157 | Abyss:2  | Noticed a large abomination
  3248 | Abyss:2  | Noticed a large abomination
  3266 | D:4      | Escaped the Abyss
  3270 | D:4      | Slain by a worm

Illustrated notes

Levels and vault maps discovered:
D:1:      psy_arrival_statuary, layout_basic
D:2:      layout_basic, serial_bayou_lagoon_a
D:3:      layout_rooms, chequers_temple_overflow_statue_of_worship,
          gup_sewer_entry_glass, uniq_natasha
D:4:      layout_loops_corners, sigmund_edmund_badplayer

Skill      XL: |  1  2  3  4  5  6  7 |
---------------+----------------------+-----
Transmutations | 3 4 |  4.2
Ranged Weapons | 1 |  1.9
Fighting       | 2 |  2.6
Unarmed Combat | 4 |  4.8
Dodging        | 3 |  3.1
Spellcasting   | 3 |  3.0

Action                     |  1- 3 |  4- 6 |  7- 9 || total
---------------------------+-------+-------+-------++-------
  Melee: Unarmed           |    58 |   159 |    15 ||   232
         Constrict         |    16 |    28 |     5 ||    49
         Tentacles         |     7 |    27 |     4 ||    38
         Kick              |     3 |    33 |     6 ||    42
         Punch             |     2 |     8 |     1 ||    11
   Fire: Sling             |     6 |    12 |       ||    18
   Cast: Beastly Appendage |     4 |    18 |     3 ||    25
         Wereblood         |       |     1 |     1 ||     2
    Use: Potion            |     1 |       |     1 ||     2
   Stab: Sleeping          |     5 |    10 |       ||    15
         Paralysed         |       |     2 |       ||     2
         Distracted        |       |       |     1 ||     1
 Armour: Skin              |     9 |    33 |     1 ||    43
  Dodge: Dodged            |    31 |    75 |    10 ||   116

Table legend: (Time is in decaauts)
 A = Elapsed time spent in this place.
 B = Non-inter-level travel time spent in this place.
 C = Inter-level travel time spent in this place.
 D = Time resting spent in this place.
 E = Time spent auto-exploring this place.
 F = Levels seen in this place.
 G = Mean time per level.
                   A        B        C        D        E       F      G
               +--------+--------+--------+--------+--------+-----+--------+
         Total |   3242 |   3162 |     80 |    460 |   1896 |   7 |  463.1 |
       Dungeon |   2532 |   2452 |     80 |    218 |   1750 |   4 |  633.0 |
         Abyss |    231 |    231 |      0 |    158 |      0 |   2 |  115.5 |
         Sewer |    479 |    479 |      0 |     84 |    146 |   1 |  479.0 |
               +--------+--------+--------+--------+--------+-----+--------+

Top non-repeatable levels by time:
     D:1: 933 daAuts
     D:2: 672 daAuts
     D:3: 595 daAuts
   Sewer: 479 daAuts
     D:4: 331 daAuts
 Abyss:1: 118 daAuts
 Abyss:2: 112 daAuts
